 Dungeon Sprint DCSS version 0.29.1 (webtiles) character file.

Game seed: 12615785297106926515

9841 rocky1 the Fencer (level 11, -17/114 HPs)
             Began as a Minotaur Gladiator on Sept 13, 2022.
             Was an Initiate of Gozag.
             Demolished by a five-headed hydra simulacrum (23 damage)
             ... in the Dungeon (Sprint III: "The Ten Rune Challenge").
             The game lasted 00:22:27 (5746 turns).

rocky1 the Fencer (Minotaur Gladiator)              Turns: 5746, Time: 00:22:31

Health: -17/114    AC: 11    Str: 17    XL:     11   Next: 28%
Magic:  10/10      EV: 19    Int:  4    God:    Gozag
Gold:   946        SH:  0    Dex: 21    Spells: 10/10 levels left

rFire   + . .      SeeInvis .   b - +1 scimitar (flame)
rCold   . . .      Faith    .   (no shield)
rNeg    . . .      Spirit   .   v - +1 scale mail {rF+}
rPois   .          Reflect  .   c - +0 hat
rElec   .          Harm     .   (no cloak)
rCorr   .          Rampage  .   (no gloves)
Will    .....      NoTele   +   (no boots)
Stlth   ..........              (no amulet)
HPRegen 0.29/turn               (no ring)
MPRegen 0.12/turn               (no ring)

@: gold aura
A: horns 2, retaliatory headbutt, agile 1, wild magic 1
a: Renounce Religion, Potion Petition, Call Merchant, Bribe Branch


You were in the Dungeon.
You worshipped Gozag.
Gozag was pleased with you.
You visited 1 branch You collected 8075 gold pieces.
You spent 2164 gold pieces at shops.
You paid 4965 gold pieces to Gozag.

Inventory:

Hand Weapons
 a - a +0 shortbow
 b - a +1 scimitar of flaming (weapon)
 d - a +0 long sword of holy wrath
 u - a +0 longbow
Missiles
 j - a javelin
 w - 7 curare-tipped darts (quivered)
Armour
 c - a +0 hat (worn)
 l - a +1 kite shield of reflection
 v - a +1 scale mail of fire resistance (worn)
Jewellery
 y - a ring of willpower
Wands
 f - a wand of digging (3)
Scrolls
 n - 2 scrolls of poison
 o - 3 scrolls of identify
 q - a scroll of immolation {unknown}
 r - a scroll of amnesia {unknown}
 z - a scroll of fog
 A - a scroll of magic mapping {unknown}
Potions
 e - a potion of brilliance
 h - a potion of haste
 i - 2 potions of magic
 m - a potion of experience {unknown}
 p - 2 potions of flight {unknown}
 s - 2 potions of attraction
 t - 4 potions of mutation
 x - 3 potions of cancellation
Miscellaneous
 B - a lightning rod (4/4)


   Skills:
 + Level 16.0 Fighting
 + Level 17.0 Long Blades
 + Level 9.3 Ranged Weapons
 - Level 2.0 Throwing
 + Level 15.6 Armour
 + Level 14.8 Dodging


You had 10 spell levels left.
You didn't know any spells.
Your spell library contained the following spells:

 Spells                   Type           Power      Damage    Failure   Level
 Foxfire                  Conj/Fire      0%         2x1d4     85%         1
 Conjure Flame            Conj/Fire      0%         6-21      99%         3
 Inner Flame              Hex/Fire       0%         N/A       99%         3
 Flame Wave               Conj/Fire      0%         2d4       100%        4


Dungeon Overview and Level Annotations

Branches:
Dungeon (1/1)

Altars:
Cheibriados
Dithmenos
Elyvilon
Fedhas
Gozag
Hepliaklqana
Kikubaaqudgha
Makhleb
Nemelex Xobeh
Okawaru
Qazlal
Ru
Sif Muna
Trog
Uskayaw
Vehumet
Wu Jian
Xom
Yredelemnul
Zin
The Shining One
Jiyva
Lugonu

Shops:
D ***


Innate Abilities, Weirdness & Mutations

You have a pair of horns on your head.
You reflexively headbutt those who attack you in melee.
You are agile. (Dex +4, Str/Int -1)
Your spells are a little harder to cast, but a little more powerful.


Message History

You melt the seven-headed hydra simulacrum!
The seven-headed hydra simulacrum is heavily damaged.
You chop one of the seven-headed hydra simulacrum's heads off!
You slash the six-headed hydra simulacrum!
You melt the six-headed hydra simulacrum!
The six-headed hydra simulacrum vaporises!
Unknown command.
You chop one of the seven-headed hydra simulacrum's heads off!
You hit the six-headed hydra simulacrum.
You melt the six-headed hydra simulacrum.
You punch the six-headed hydra simulacrum.
The six-headed hydra simulacrum is moderately damaged.
The six-headed hydra simulacrum bites you.
The six-headed hydra simulacrum freezes you!!
The six-headed hydra simulacrum completely misses you.
The six-headed hydra simulacrum misses you.
The six-headed hydra simulacrum completely misses you.
The six-headed hydra simulacrum misses you.
The six-headed hydra simulacrum bites you.
The six-headed hydra simulacrum freezes you!!
* * * LOW HITPOINT WARNING * * *
Okay, then.
You chop one of the six-headed hydra simulacrum's heads off!
You slash the five-headed hydra simulacrum!
You melt the five-headed hydra simulacrum!
The five-headed hydra simulacrum is severely damaged.
You hit the five-headed hydra simulacrum.
You melt the five-headed hydra simulacrum.
The five-headed hydra simulacrum is almost destroyed.
The five-headed hydra simulacrum barely misses you.
The five-headed hydra simulacrum closely misses you.
The five-headed hydra simulacrum bites you.
* * * LOW HITPOINT WARNING * * *
The five-headed hydra simulacrum freezes you!
* * * LOW HITPOINT WARNING * * *
The five-headed hydra simulacrum bites you.
* * * LOW HITPOINT WARNING * * *
The five-headed hydra simulacrum freezes you!!
You die...
Your body crumbles into a pile of gold.

.#.#§§.#...#...##.#.#.##...~~~~#
▓▓▓▓▓▓▓▓▓▓▓▓▓▓▓#.#.#.#.#.......#
~...∩∩...~~~..[##.#.#.##.......#
≈≈≈≈≈≈≈≈≈≈≈♣♣..'[#.#.#.#.......#
♣♣♣♣♣♣♣♣♣♣♣♣♣.)##[#.#.##########
♣♣♣#.'######## ♣♣ #.[)'.≈≈≈§#
#|:#..)#)≈≈≈≈# #"/Z@....#§≈≈#
##+#####.# §≈≈# #.....# ≈≈§≈
#.....# ≈≈≈ #.....# ##≈≈ #.....#
..# § #'#####...###
#..z..'...'.# #.###########


You could see a five-headed hydra simulacrum.

Vanquished Creatures
  Frances (D)
  Donald (D)
  A centaur warrior (D)
  Erica (D)
  A skeletal warrior (D)
  A deep elf pyromancer (D)
  2 cane toads (D)
  An unseen horror (D)
  A komodo dragon (D)
  A queen bee (D)
  A spriggan defender (D)
  3 wandering mushrooms (D)
  2 orc high priests (D)
  A shadow (D)
  A spatial vortex (D)
  A hydra simulacrum (D)
  3 orc warriors (D)
  A fire dragon simulacrum (D)
  2 centaurs (D)
  An earth elemental (D)
  A necrophage (D)
  A water elemental (D)
  A scorpion (D)
  32 killer bees (D)
  A jelly (D)
  4 orc priests (D)
  A necromancer (D)
  2 orc wizards (D)
  A wizard (D)
  A polar bear simulacrum (D)
  3 humans (D)
  A kobold demonologist (D)
  9 orcs (D)
  A jackal (D)
  4 rats (D)
90 creatures vanquished.

Vanquished Creatures (others)
  2 ball lightnings (D)
  A ballistomycete spore (D)
  40 plants (D)
43 creatures vanquished.

Grand Total: 133 creatures vanquished

Notes
Turn   | Place    | Note
-------+----------+-------------------------------------------
     0 | D        | rocky1 the Minotaur Gladiator began the quest for the Orb.
     0 | D        | Reached XP level 1. HP: 18/18 MP: 0/0
    13 | D        | Reached skill level 4 in Long Blades
    78 | D        | Reached skill level 5 in Long Blades
    78 | D        | Reached XP level 2. HP: 4/27 MP: 1/1
   336 | D        | Noticed a scorpion
   346 | D        | Killed a scorpion
   347 | D        | Reached skill level 5 in Fighting
   347 | D        | Reached skill level 7 in Long Blades
   347 | D        | Reached skill level 5 in Dodging
   347 | D        | Reached XP level 3. HP: 20/36 MP: 2/2
   347 | D        | Reached XP level 4. HP: 24/42 MP: 3/3
   646 | D        | Gained mutation: You are agile. (Dex +4, Str/Int -1)
                  | [potion of mutation]
   646 | D        | Gained mutation: Your spells are a little harder to cast,
                  | but a little more powerful. [potion of mutation]
   753 | D        | Noticed a water elemental
   756 | D        | Killed a water elemental
   757 | D        | Reached skill level 8 in Long Blades
   908 | D        | Found a glowing silver altar of Zin.
   908 | D        | Found a glowing golden altar of the Shining One.
   908 | D        | Found a white marble altar of Elyvilon.
   909 | D        | Noticed a deep elf pyromancer
   911 | D        | Noticed a fire elemental
   915 | D        | Killed a deep elf pyromancer
   916 | D        | Reached skill level 12 in Long Blades
   916 | D        | Reached XP level 5. HP: 13/56 MP: 4/4
   916 | D        | Reached XP level 6. HP: 14/62 MP: 5/5
   916 | D        | Reached XP level 7. HP: 16/69 MP: 6/6
  1186 | D        | Noticed a shadow
  1190 | D        | Killed a shadow
  1191 | D        | Reached skill level 13 in Long Blades
  1369 | D        | Found a blossoming altar of Fedhas.
  1369 | D        | Found a stormy altar of Qazlal.
  1369 | D        | Found a snail-covered altar of Cheibriados.
  1369 | D        | Found a burning altar of Makhleb.
  1369 | D        | Found a shimmering altar of Xom.
  1369 | D        | Noticed a spatial vortex
  1370 | D        | Found a hazy altar of Hepliaklqana.
  1370 | D        | Found an opulent altar of Gozag.
  1370 | D        | Found a sparkling altar of Nemelex Xobeh.
  1370 | D        | Found a corrupted altar of Lugonu.
  1370 | D        | Found a viscous altar of Jiyva.
  1375 | D        | Became a worshipper of Gozag Ym Sagoz the Greedy
  1396 | D        | Killed a spatial vortex
  1539 | D        | Found a basalt altar of Yredelemnul.
  1539 | D        | Found a shadowy altar of Dithmenos.
  1539 | D        | Found a sacrificial altar of Ru.
  1569 | D        | Found a radiant altar of Vehumet.
  1569 | D        | Found a shimmering blue altar of Sif Muna.
  1569 | D        | Found an ancient bone altar of Kikubaaqudgha.
  1574 | D        | Reached XP level 8. HP: 79/79 MP: 7/7
  1594 | D        | Found a hide-covered altar of Uskayaw.
  1594 | D        | Found an iron altar of Okawaru.
  1594 | D        | Found a bloodstained altar of Trog.
  1594 | D        | Found an ornate altar of the Wu Jian Council.
  1606 | D        | Reached skill level 10 in Fighting
  1652 | D        | Reached skill level 14 in Long Blades
  1733 | D        | Noticed Erica
  1747 | D        | Killed Erica
  1960 | D        | Found Qiclaler's General Store.
  1971 | D        | Reached XP level 9. HP: 84/90 MP: 8/8
  2378 | D        | Bought a +1 scale mail of fire resistance for 176 gold
                  | pieces
  2378 | D        | Bought a scroll of poison for 44 gold pieces
  2378 | D        | Bought a potion of curing for 33 gold pieces
  2442 | D        | Noticed a centaur warrior
  2453 | D        | Killed a centaur warrior
  3112 | D        | Killed an unseen horror
  3168 | D        | Noticed a queen bee
  3188 | D        | Killed a queen bee
  3189 | D        | Reached XP level 10. HP: 79/102 MP: 9/9
  3198 | D        | Reached skill level 15 in Long Blades
  3497 | D        | Reached skill level 5 in Ranged Weapons
  3964 | D        | Noticed Donald
  3964 | D        | Noticed Frances
  3966 | D        | Noticed a soul eater
  3974 | D        | Killed Donald
  3975 | D        | Reached skill level 15 in Fighting
  3975 | D        | Reached skill level 16 in Long Blades
  3984 | D        | Killed Frances
  4413 | D        | Reached skill level 15 in Armour
  4413 | D        | Reached XP level 11. HP: 100/113 MP: 10/10
  4482 | D        | Bought a potion of attraction for 36 gold pieces
  4482 | D        | Bought a potion of cancellation for 96 gold pieces
  4482 | D        | Bought a ring of willpower for 300 gold pieces
  4482 | D        | Bought a scroll of fog for 48 gold pieces
  4482 | D        | Bought a scroll of identify for 24 gold pieces
  4482 | D        | Bought 2 potions of cancellation for 192 gold pieces
  4484 | D        | Bought a scroll labelled ZEFUUPH MINEVA for 29 gold pieces
  4484 | D        | Bought a fuming yellow potion for 26 gold pieces
  4484 | D        | Bought a potion of mutation for 232 gold pieces
  4484 | D        | Bought a scroll of identify for 58 gold pieces
  4484 | D        | Bought a lightning rod (4/4) for 870 gold pieces
  4774 | D        | Noticed a sun demon
  5172 | D        | Noticed a skeletal warrior
  5188 | D        | HP: 1/114 [skeletal warrior/+0 glaive (24)]
  5198 | D        | Killed a skeletal warrior
  5739 | D        | Reached skill level 17 in Long Blades
  5746 | D        | Demolished by a five-headed hydra simulacrum

Illustrated notes

Levels and vault maps discovered:
D:        dungeon_sprint_mu [sprint_mu_entry_cave, sprint_mu_temple_rooms,
          sprint_mu_d1_horrors, sprint_mu_d2_genie, sprint_mu_d3_branching,
          sprint_mu_orc_legion, sprint_mu_elf_gauntlet, sprint_mu_hive_nellie,
          sprint_mu_lair_fedhas, sprint_mu_vaults_butterflies,
          sprint_mu_slime_circle, sprint_mu_shoals_kraken,
          sprint_mu_snake_twists, sprint_mu_blade_basic, sprint_mu_crypt_lich,
          sprint_mu_tomb_spiral, sprint_mu_vestibule_basic,
          sprint_mu_gehenna_hellfire, sprint_mu_dis_giant,
          sprint_mu_tartarus_statrot, sprint_mu_cocytus_islands, sprint_mu_zot1]

Skill      XL: |  1  2  3  4  5  6  7  8  9 10 11 |
---------------+----------------------------------+-----
Long Blades    | 5 7 12 13 14 16 17 | 17.0
Fighting       | 3 5 8 9 12 13 15 16 | 16.0
Armour         | 2 3 8 9 11 13 15 | 15.6
Dodging        | 4 5 8 9 11 12 14 | 14.8
Ranged Weapons | 4 8 9 |  9.3
Throwing       | |  2.0

Action                   |  1- 3 |  4- 6 |  7- 9 | 10-12 || total
-------------------------+-------+-------+-------+-------++-------
Melee: Long sword        |    22 |     7 |    57 |     3 ||    89
       Headbutt          |     7 |     4 |    37 |    27 ||    75
       Scimitar          |       |       |   138 |   139 ||   277
       Punch             |       |       |     1 |     1 ||     2
 Fire: Shortbow          |       |       |       |    30 ||    30
Throw: Throwing net      |     4 |     1 |       |       ||     5
       Javelin           |       |       |     1 |       ||     1
Invok: Potion Petition   |       |       |     1 |     7 ||     8
       Call Merchant     |       |       |       |     2 ||     2
Evoke: Wand              |       |       |       |     1 ||     1
  Use: Potion            |       |     2 |     1 |     4 ||     7
       Scroll            |       |       |       |     1 ||     1
 Stab: Held in net/web   |       |     1 |       |       ||     1
       Distracted        |       |       |       |     1 ||     1
       Invisible         |       |       |       |     1 ||     1
Armor: Chain mail        |     6 |     2 |    21 |       ||    29
       Scale mail        |       |       |    40 |    25 ||    65
       Skin              |       |       |       |     3 ||     3
Dodge: Dodged            |     4 |     2 |   101 |   138 ||   245
